[Event "ICC tourney 2523 (60 10)"]
[Site "Internet Chess Club"]
[Date "2021.04.18"]
[Round "5"]
[White "LUZGIN, ELISEY:Elisey2011"]
[Black "SANTIAGO, WYATT:FierceLeopard"]
[Result "0-1"]
[ICCResult "White checkmated"]
[WhiteElo "590"]
[BlackElo "642"]
[Opening "QGD Slav defense"]
[ECO "D10"]
[NIC "SL.01"]
[Time "13:16:41"]
[PlyCount "42"]
[TimeControl "3600+10"]

1. d4 d5 2. c4 c6 3. e3 Be6 4. Nd2 Nf6 5. Bd3 Nbd7 6. Ne2 Qc7 7. O-O O-O-O
8. h4 Ng4 9. f4 Nxe3 10. Qe1 Nxf1 11. Qxf1 Nf6 12. Nf3 g6 13. Ne5 Bh6 14.
Nxf7 Bxf7 15. g3 Ng4 16. Qe1 Be6 17. Bd2 c5 18. dxc5 Qxc5+ 19. Kf1 Ne3+ 20.
Bxe3 Qxe3 21. Rd1 Bh3# { White checkmated } 0-1

[Event "ICC tourney 2523 (60 10)"]
[Site "Internet Chess Club"]
[Date "2021.04.18"]
[Round "5"]
[White "LIAO, KATY LEE:KatyLiao"]
[Black "FITZPATRICK, CONNOR:Savethegoats"]
[Result "0-1"]
[ICCResult "White checkmated"]
[WhiteElo "857"]
[BlackElo "275"]
[Opening "Four knights: double Ruy Lopez"]
[ECO "C49"]
[NIC "KP.03"]
[Time "13:16:32"]
[PlyCount "36"]
[TimeControl "3600+10"]

1. e4 e5 2. Nf3 Nc6 3. Nc3 Nf6 4. Bb5 Bb4 5. O-O O-O 6. d3 Nd4 7. Nxd4 exd4
8. Nd5 Nxd5 9. exd5 Bd6 10. h3 Qf6 11. Re1 c6 12. dxc6 bxc6 13. Bc4 Bb7 14.
c3 c5 15. Qg4 dxc3 16. bxc3 h5 17. Qg5 Qxc3 18. Qxh5 Qxe1# { White
checkmated } 0-1

[Event "ICC tourney 2523 (60 10)"]
[Site "Internet Chess Club"]
[Date "2021.04.18"]
[Round "5"]
[White "AHARONIAN, ALEXANDER:Alex2009"]
[Black "VETRI, PALMER:pvetri99"]
[Result "1-0"]
[ICCResult "Black checkmated"]
[WhiteElo "769"]
[BlackElo "921"]
[Opening "Van't Kruijs opening"]
[ECO "A00"]
[Time "13:16:34"]
[PlyCount "125"]
[TimeControl "3600+10"]

1. e3 e5 2. d4 exd4 3. exd4 d5 4. Nf3 Nf6 5. Nc3 Nc6 6. Bg5 Be7 7. Be2 O-O
8. O-O Nd7 9. Bxe7 Qxe7 10. Nxd5 Qd8 11. b3 Nf6 12. Bc4 Nxd5 13. Bxd5 Qxd5
14. c4 Qd8 15. Qd3 Re8 16. Rfe1 Bd7 17. Rxe8+ Bxe8 18. Re1 Qf6 19. h4 Bd7
20. d5 Nb4 21. Qe4 h6 22. c5 c6 23. Qxb4 Qd8 24. Qxb7 cxd5 25. Rd1 Rb8 26.
Qxa7 Bc6 27. Qa3 Ra8 28. Qb2 Qa5 29. Ne5 Qxc5 30. Rc1 Qa3 31. Qxa3 Rxa3 32.
Rxc6 Rxa2 33. Rd6 Rb2 34. Rb6 Kh7 35. b4 f6 36. Nd3 Rb3 37. Nc5 Kg6 38. g3
Kf5 39. b5 Ke5 40. Nxb3 d4 41. Nxd4 Kxd4 42. Rc6 Kd5 43. Rb6 Kc5 44. Rb8 g5
45. hxg5 hxg5 46. Kg2 f5 47. Kf3 Kd6 48. g4 fxg4+ 49. Kxg4 Kc7 50. Rh8 Kb6
51. Kxg5 Kxb5 52. f4 Kc6 53. Re8 Kd7 54. Re1 Kd6 55. f5 Kd5 56. f6 Kd4 57.
f7 Kd3 58. f8=Q Kd2 59. Re7 Kd3 60. Qd8+ Kc4 61. Rc7+ Kb5 62. Qb8+ Ka6 63.
Ra7# { Black checkmated } 1-0

[Event "ICC tourney 2523 (60 10)"]
[Site "Internet Chess Club"]
[Date "2021.04.18"]
[Round "5"]
[White "WILSON, HANSEN:LionsHansenW"]
[Black "AL-SATI, HADI A:chsshd"]
[Result "1-0"]
[ICCResult "Black checkmated"]
[WhiteElo "805"]
[BlackElo "678"]
[Opening "Sicilian defense"]
[ECO "B32"]
[NIC "SI.31"]
[Time "13:16:54"]
[PlyCount "57"]
[TimeControl "3600+10"]

1. e4 c5 2. Nf3 Nc6 3. d4 b6 4. dxc5 bxc5 5. Nc3 d6 6. Bc4 e6 7. Be3 Nf6 8.
O-O g6 9. Bb5 Bd7 10. Bxc6 Bxc6 11. e5 dxe5 12. Nxe5 Bd6 13. Nxc6 Bxh2+ 14.
Kxh2 Qc7+ 15. g3 Qxc6 16. Bh6 Rd8 17. Qe2 Qb6 18. Bg7 Rg8 19. Bxf6 Qxb2 20.
Bxd8 Kxd8 21. Rfd1+ Ke7 22. Nd5+ Kf8 23. Nc7 Qb8 24. Na6 Qb7 25. Rab1 Qc6
26. Rb8+ Kg7 27. Rxg8+ Kxg8 28. Qe5 Qxa6 29. Rd8# { Black checkmated } 1-0

[Event "ICC tourney 2523 (60 10)"]
[Site "Internet Chess Club"]
[Date "2021.04.18"]
[Round "5"]
[White "KHALIZOV, RASSUL:rassulk"]
[Black "KARSTEN, ROWAN BRACK:RowanTheAwesome"]
[Result "1-0"]
[ICCResult "Black resigns"]
[WhiteElo "829"]
[BlackElo "786"]
[Opening "King's pawn game"]
[ECO "C21"]
[NIC "KP.10"]
[Time "13:16:43"]
[PlyCount "35"]
[TimeControl "3600+10"]

1. e4 e5 2. d4 f6 3. dxe5 fxe5 4. Qh5+ g6 5. Qxe5+ Qe7 6. Qxh8 d6 7. Qxg8
Qxe4+ 8. Be3 Qxc2 9. Qxh7 Qxb2 10. Qxg6+ Kd8 11. Bg5+ Be7 12. Bxe7+ Kxe7
13. Bc4 Qxa1 14. Nf3 Bg4 15. O-O Bxf3 16. Qf7+ Kd8 17. Re1 Qh8 18. Qe7+ {
Black resigns } 1-0

[Event "ICC tourney 2523 (60 10)"]
[Site "Internet Chess Club"]
[Date "2021.04.18"]
[Round "5"]
[White "OSADCHAYA, ANNA:AnnaO"]
[Black "Leese, Harrison R:msleese"]
[Result "1-0"]
[ICCResult "Black checkmated"]
[WhiteElo "758"]
[BlackElo "613"]
[Opening "French: exchange variation"]
[ECO "C01"]
[NIC "FR.01"]
[Time "13:23:08"]
[PlyCount "93"]
[TimeControl "3600+10"]

1. e4 e6 2. d4 d5 3. exd5 exd5 4. Nc3 Nf6 5. Nf3 Nc6 6. Bg5 Bg4 7. Bxf6
Qxf6 8. Be2 Nxd4 9. Nxd5 Qd6 10. Qxd4 Be7 11. O-O-O Qh6+ 12. Ne3 O-O 13.
Qxg4 Qg6 14. Qxg6 fxg6 15. Rd7 Rae8 16. Rhd1 Bd8 17. Bc4+ Kh8 18. Rf7 Rxf7
19. Bxf7 Rf8 20. Rd7 h6 21. Bxg6 b6 22. Nf5 a5 23. Rxg7 Rxf5 24. Bxf5 Kxg7
25. Kd2 Kf6 26. g4 h5 27. h3 hxg4 28. hxg4 Be7 29. Ke3 Kf7 30. Ne5+ Kf6 31.
Ke4 Kg5 32. f4+ Kf6 33. g5+ Kg7 34. Be6 Kf8 35. f5 Kg7 36. g6 Kf8 37. Nd7+
Kg7 38. Ke5 Bd6+ 39. Kd5 Kh8 40. f6 c5 41. Kxd6 b5 42. f7 Kg7 43. Ke7 Kxg6
44. f8=Q Kg5 45. Qf5+ Kh6 46. Kf6 c4 47. Qg6# { Black checkmated } 1-0

[Event "ICC tourney 2523 (60 10)"]
[Site "Internet Chess Club"]
[Date "2021.04.18"]
[Round "5"]
[White "ADAMS, CAITLIN ALA-TOH S:kyrgyzcait"]
[Black "DESHPANDE, KESHAV:keshavdesh"]
[Result "0-1"]
[ICCResult "White checkmated"]
[WhiteElo "802"]
[BlackElo "259"]
[Opening "Ruy Lopez: Berlin defense"]
[ECO "C65"]
[NIC "RL.07"]
[Time "13:16:54"]
[PlyCount "32"]
[TimeControl "3600+10"]

1. e4 e5 2. Nf3 Nc6 3. Bb5 Nf6 4. d3 Bb4+ 5. c3 Bc5 6. O-O d6 7. h3 Be6 8.
Re1 O-O 9. Nbd2 d5 10. Nf1 dxe4 11. Ng5 h6 12. Nxe4 Nxe4 13. Rxe4 Bf5 14.
Re1 Qh4 15. Bxc6 Qxf2+ 16. Kh1 Qg1# { White checkmated } 0-1

[Event "ICC tourney 2523 (60 10)"]
[Site "Internet Chess Club"]
[Date "2021.04.18"]
[Round "5"]
[White "PLASSE, ANDREW:dplasse"]
[Black "LEWIS, TROY:saphtroyl"]
[Result "0-1"]
[ICCResult "White checkmated"]
[WhiteElo "835"]
[BlackElo "794"]
[Opening "Scandinavian defense"]
[ECO "B01"]
[NIC "SD.03"]
[Time "13:20:13"]
[PlyCount "174"]
[TimeControl "3600+10"]

1. e4 d5 2. exd5 Nf6 3. Nc3 Nxd5 4. Nxd5 Qxd5 5. d4 Nc6 6. c4 Qxd4 7. Qxd4
Nxd4 8. Be3 Nc2+ 9. Kd2 Nxa1 10. Kc1 Bf5 11. b3 Nc2 12. g4 Nxe3 13. fxe3
Be4 14. Nf3 Bxf3 15. Rg1 O-O-O 16. Bh3 e5 17. g5+ Kb8 18. Rf1 Ba3+ 19. Kc2
Rd7 20. Bxd7 Rd8 21. Bh3 Bb4 22. Rxf3 Rd2+ 23. Kc1 Rxa2 24. Rxf7 Rxh2 25.
Rf8+ Bxf8 26. Bf5 Ba3+ 27. Kb1 Rb2+ 28. Ka1 c5 29. Bxh7 Rh2 30. g6 Bb2+ 31.
Kb1 Kc7 32. Bg8 Kd7 33. Bf7 Ke7 34. e4 Kf6 35. Ka2 Bc3+ 36. Ka3 Kg5 37. Ka4
a6 38. Ka3 Kf4 39. Bd5 Ke3 40. Bxb7 Bb2+ 41. Ka4 Bc3 42. Bxa6 Ra2+ 43. Kb5
Ra5+ 44. Kb6 Kxe4 45. Bb7+ Kd3 46. Ba6 Kc2 47. b4 Bxb4 48. Kc6 Rxa6+ 49.
Kb5 Rxg6 50. Ka4 Ra6+ 51. Kb5 Ra5+ 52. Kb6 g5 53. Kc6 g4 54. Kd5 g3 55.
Kxe5 g2 56. Ke6 g1=Q 57. Kd6 Qd4+ 58. Kc6 Ra6+ 59. Kb5 Ra5+ 60. Kb6 Qd6+
61. Kb7 Kc3 62. Kc8 Ra8+ 63. Kb7 Ra7+ 64. Kxa7 Qb8+ 65. Kxb8 Kxc4 66. Kb7
Kd5 67. Kb6 c4 68. Kb5 Kd4 69. Kxb4 c3 70. Kb3 Kd3 71. Kb4 c2 72. Kc5 c1=Q+
73. Kd6 Qa3+ 74. Kd5 Qb4 75. Ke5 Qc4 76. Kf5 Qd4 77. Ke6 Qc5 78. Kf6 Qd5
79. Ke7 Qc6 80. Kf7 Qd6 81. Kg7 Qe6 82. Kh8 Qe7 83. Kg8 Ke4 84. Kh8 Kf5 85.
Kg8 Kg6 86. Kh8 Qa7 87. Kg8 Qg7# { White checkmated } 0-1

[Event "ICC tourney 2523 (60 10)"]
[Site "Internet Chess Club"]
[Date "2021.04.18"]
[Round "5"]
[White "ROSS, EVAN D:Evan2win"]
[Black "FLORES, MILES GREGORIO  DOWSHEN :MilesFlores"]
[Result "0-1"]
[ICCResult "White checkmated"]
[WhiteElo "866"]
[BlackElo "660"]
[Opening "French: advance variation"]
[ECO "C02"]
[NIC "FR.03"]
[Time "13:16:46"]
[PlyCount "114"]
[TimeControl "3600+10"]

1. e4 e6 2. d4 d5 3. e5 c5 4. Be3 Qb6 5. b3 Nc6 6. Nf3 Bd7 7. Be2 Nh6 8.
O-O Nf5 9. Nbd2 cxd4 10. Bg5 Be7 11. Bxe7 Ncxe7 12. Rc1 Nc6 13. c4 dxc4 14.
bxc4 O-O 15. Nb3 h6 16. Nc5 Qxc5 17. Bd3 Nxe5 18. Bxf5 Nxf3+ 19. Qxf3 Qxf5
20. Qxb7 Ba4 21. c5 Rfc8 22. c6 Qd5 23. Qd7 Bxc6 24. Qxd5 Bxd5 25. Rxc8+
Rxc8 26. a3 Rc2 27. Rd1 Ra2 28. h3 Rxa3 29. Rxd4 Rb3 30. Ra4 Rb7 31. f4 Kh7
32. Rd4 a5 33. f5 Ra7 34. fxe6 Bxe6 35. Rd3 a4 36. Ra3 Bb3 37. Kf2 Kg6 38.
Kf3 f5 39. g4 fxg4+ 40. Kxg4 h5+ 41. Kf4 Rf7+ 42. Kg3 Kg5 43. h4+ Kg6 44.
Kh3 Rf3+ 45. Kg2 Rd3 46. Kh2 Kf5 47. Kg2 Kg4 48. Kf2 Kxh4 49. Ke2 Rg3 50.
Kf2 Kg4 51. Ke2 h4 52. Kf2 h3 53. Rxa4+ Bxa4 54. Kf1 h2 55. Kf2 h1=Q 56.
Ke2 Qh2+ 57. Ke1 Rg1# { White checkmated } 0-1

[Event "ICC tourney 2523 (60 10)"]
[Site "Internet Chess Club"]
[Date "2021.04.18"]
[Round "5"]
[White "ENGI, DANIEL:BBDaniel"]
[Black "EPPEL, NATHAN:NathanE42"]
[Result "1-0"]
[ICCResult "Black checkmated"]
[WhiteElo "523"]
[BlackElo "961"]
[Opening "Sicilian: closed"]
[ECO "B23"]
[NIC "SI.44"]
[Time "13:16:40"]
[PlyCount "155"]
[TimeControl "3600+10"]

1. e4 c5 2. Nc3 g6 3. d3 Bg7 4. Be3 Nf6 5. Bxc5 O-O 6. Nf3 d6 7. Bd4 Nc6 8.
Bxf6 Bxf6 9. g3 Bg4 10. Bg2 Nd4 11. O-O Nxf3+ 12. Bxf3 Bh3 13. Re1 Qb6 14.
Nd5 Qxb2 15. Nxf6+ Qxf6 16. Bg2 Bxg2 17. Kxg2 Kg7 18. d4 Rh8 19. e5 dxe5
20. dxe5 Qf5 21. Qd3 Qe6 22. Qb3 Qc6+ 23. f3 h5 24. Qb2 h4 25. e6+ f6 26.
gxh4 Rxh4 27. Kg3 Rh5 28. Rab1 Qd6+ 29. Kf2 Qxh2+ 30. Ke3 Re5+ 31. Kd3 Rd8+
32. Kc3 Rc5+ 33. Kb3 Rb5+ 34. Kc3 Qe5+ 35. Rxe5 Rxb2 36. Rxb2 fxe5 37. Rxb7
Kf6 38. Rxa7 Kxe6 39. a4 e4 40. fxe4 g5 41. a5 g4 42. a6 g3 43. Rb7 g2 44.
Rb1 Ra8 45. Kd2 Rxa6 46. Ke2 Ra1 47. Rxa1 Ke5 48. Kf2 Kxe4 49. Kxg2 Kd4 50.
Rc1 e5 51. c3+ Kc4 52. Re1 e4 53. Rxe4+ Kd3 54. Re8 Kxc3 55. Rc8+ Kd4 56.
Kf3 Kd5 57. Rf8 Ke5 58. Rf4 Ke6 59. Ke4 Kd6 60. Rf5 Ke6 61. Rg5 Kf6 62. Re5
Kg6 63. Kf4 Kf6 64. Rd5 Ke6 65. Ke4 Kf6 66. Re5 Kg6 67. Rf5 Kh6 68. Kf4 Kg6
69. Rd5 Kh6 70. Kf5 Kh5 71. Kf4+ Kg6 72. Rf5 Kh6 73. Rg5 Kh7 74. Kf5 Kh6
75. Kf6 Kh7 76. Kf7 Kh6 77. Ra5 Kh7 78. Rh5# { Black checkmated } 1-0

[Event "ICC tourney 2523 (60 10)"]
[Site "Internet Chess Club"]
[Date "2021.04.18"]
[Round "5"]
[White "Epelbaum, Shawn:ShawnE"]
[Black "DAWDA, MAADHAV:maadhavd"]
[Result "1-0"]
[ICCResult "Black resigns"]
[WhiteElo "824"]
[BlackElo "707"]
[Opening "Trompowsky attack (Ruth, Opocenský opening)"]
[ECO "A45"]
[NIC "QP.07"]
[Time "13:16:48"]
[PlyCount "51"]
[TimeControl "3600+10"]

1. d4 Nf6 2. Bg5 d5 3. Bxf6 exf6 4. Nc3 c6 5. Nf3 Bf5 6. e3 Bd6 7. Bd3 Bg6
8. Nh4 Bxd3 9. Qxd3 Nd7 10. Nf5 Bf8 11. e4 g6 12. Ng3 Nb6 13. f4 Bg7 14.
O-O-O O-O 15. f5 a5 16. h4 h6 17. e5 Nc4 18. fxg6 b5 19. Rdf1 b4 20. Na4 c5
21. Nh5 fxe5 22. gxf7+ Kh8 23. Nxg7 Kxg7 24. Qg3+ Kh8 25. Qg6 Qd6 26. Rf6 {
Black resigns } 1-0

[Event "ICC tourney 2523 (60 10)"]
[Site "Internet Chess Club"]
[Date "2021.04.18"]
[Round "5"]
[White "Bi, Lige:Bilige1103"]
[Black " TAM, EPHRAIM:EphraimT204"]
[Result "1-0"]
[ICCResult "Black checkmated"]
[WhiteElo "802"]
[BlackElo "836"]
[Opening "Queen's pawn game"]
[ECO "E20"]
[NIC "QP.07"]
[Time "13:17:16"]
[PlyCount "63"]
[TimeControl "3600+10"]

1. d4 Nf6 2. c4 e6 3. Nc3 Bd6 4. e4 Bb4 5. e5 Bxc3+ 6. bxc3 Ne4 7. Bd2 Nxd2
8. Qxd2 O-O 9. Bd3 d5 10. c5 b6 11. cxb6 axb6 12. Ne2 Nc6 13. O-O Ba6 14.
Ng3 Bxd3 15. Qxd3 h6 16. f4 Ra3 17. f5 Nb4 18. Qd2 Nc6 19. f6 gxf6 20. exf6
Kh7 21. Qd3+ Kg8 22. Nh5 Kh8 23. Ng7 Nb4 24. Qh3 Kh7 25. Rf3 Nc2 26. Qh4
Nxa1 27. Rh3 Qxf6 28. Qxf6 Kg8 29. Qxh6 f6 30. Qh7+ Kf7 31. Nf5+ Ke8 32.
Qe7# { Black checkmated } 1-0

[Event "ICC tourney 2523 (60 10)"]
[Site "Internet Chess Club"]
[Date "2021.04.18"]
[Round "5"]
[White "PINSKER, FLORENTINO:TinoPps281"]
[Black "LI, RUI-XING:Ruixing"]
[Result "0-1"]
[ICCResult "White checkmated"]
[WhiteElo "773"]
[BlackElo "568"]
[Opening "Sicilian: Canal-Sokolsky attack, 3...Bd7"]
[ECO "B52"]
[NIC "SI.01"]
[Time "13:16:48"]
[PlyCount "70"]
[TimeControl "3600+10"]

1. e4 c5 2. Nf3 d6 3. Bb5+ Bd7 4. Bc4 e6 5. d3 Nf6 6. Nc3 Be7 7. Bg5 O-O 8.
Qd2 Nc6 9. a3 Qc7 10. b4 cxb4 11. axb4 Nxb4 12. Rb1 a5 13. e5 dxe5 14. O-O
Rfc8 15. Rfe1 Bc6 16. Nxe5 a4 17. Bxf6 Bxf6 18. Ne4 Bxe5 19. Qxb4 Bxh2+ 20.
Kf1 Be5 21. Bb5 a3 22. d4 Bxb5+ 23. Qxb5 Bxd4 24. Re2 a2 25. Rd2 axb1=Q+
26. Qxb1 Ra1 27. Qxa1 Bxa1 28. Rd1 Qc4+ 29. Kg1 Qxe4 30. Rxa1 Qxc2 31. Kh2
Qxf2 32. Kh1 h6 33. g3 Kh7 34. g4 Rc3 35. Rg1 Rh3# { White checkmated } 0-1

[Event "ICC tourney 2523 (60 10)"]
[Site "Internet Chess Club"]
[Date "2021.04.18"]
[Round "5"]
[White "LI, JIAMING:MingMing59"]
[Black "CARDOSO, KARELY:RYCSKarely2010"]
[Result "1-0"]
[ICCResult "Black checkmated"]
[WhiteElo "520"]
[BlackElo "690"]
[Opening "Sicilian defense"]
[ECO "B20"]
[NIC "SI.48"]
[Time "13:16:40"]
[PlyCount "83"]
[TimeControl "3600+10"]

1. e4 c5 2. Bc4 e6 3. Nf3 Nc6 4. Nc3 Nf6 5. O-O g6 6. d3 Bg7 7. Bg5 O-O 8.
Qe2 b6 9. e5 Nxe5 10. Nxe5 Bb7 11. g3 d6 12. Nf3 h6 13. Bxf6 Bxf6 14. Rab1
Qd7 15. Bb5 Qc7 16. Ne4 Bg7 17. a3 a6 18. Bc4 d5 19. Nf6+ Bxf6 20. Bb3 b5
21. c4 bxc4 22. dxc4 dxc4 23. Bxc4 Rfd8 24. Qe3 e5 25. Qxh6 Qc6 26. Be2 e4
27. Ng5 Bxg5 28. Qxg5 e3 29. f3 Rd5 30. Qxe3 Re8 31. Qf2 Rd2 32. Rbe1 g5
33. g4 f6 34. Bc4+ Rd5 35. Rxe8+ Qxe8 36. Bxd5+ Bxd5 37. Re1 Qg6 38. Qxc5
Bxf3 39. Qc8+ Kg7 40. Re7+ Kh6 41. Qh8+ Qh7 42. Qxh7# { Black checkmated }
1-0

[Event "ICC tourney 2523 (60 10)"]
[Site "Internet Chess Club"]
[Date "2021.04.18"]
[Round "5"]
[White "LUNA, LIAM:liamluna"]
[Black "GERA, NEIL C:neilgera"]
[Result "1-0"]
[ICCResult "Black checkmated"]
[WhiteElo "989"]
[BlackElo "721"]
[Opening "Petrov's defense"]
[ECO "C42"]
[NIC "RG.03"]
[Time "13:16:30"]
[PlyCount "165"]
[TimeControl "3600+10"]

1. e4 e5 2. Nf3 Nf6 3. Nxe5 Qe7 4. Nf3 Nxe4 5. Qe2 d5 6. d3 Nf6 7. Qxe7+
Bxe7 8. Nc3 O-O 9. Bg5 h6 10. Bxf6 Bxf6 11. Nxd5 Nc6 12. O-O-O Be6 13. Nxc7
Rac8 14. Nxe6 fxe6 15. Re1 Rfe8 16. g3 Nd4 17. Nxd4 Bxd4 18. Re2 e5 19. Bh3
Rc7 20. f4 Kf7 21. fxe5 Bxe5 22. d4 Bf4+ 23. Kd1 Rxe2 24. Kxe2 Bg5 25. Kd3
Bf6 26. Rf1 b5 27. Bg2 Rd7 28. c3 Ke7 29. Re1+ Kd6 30. a3 a5 31. b4 a4 32.
c4 bxc4+ 33. Kxc4 Rc7+ 34. Kb5 Bxd4 35. Kxa4 Ra7+ 36. Kb5 Rxa3 37. Rd1 Ke5
38. Re1+ Kd6 39. Bf1 Bc3 40. Rb1 Kc7 41. Kc5 Ra7 42. b5 Rb7 43. Bg2 Rb6 44.
Rf1 Bf6 45. Rc1 Be7+ 46. Kd5+ Kd7 47. Bh3+ Ke8 48. Kc4 Rb7 49. Rb1 Rc7+ 50.
Kd5 Rc5+ 51. Kd4 Rc7 52. Bg2 Bf6+ 53. Kd3 Rd7+ 54. Kc4 Rc7+ 55. Kb4 Bc3+
56. Ka4 Ra7+ 57. Kb3 Be5 58. Bc6+ Kd8 59. Rd1+ Kc7 60. Kb4 Bd6+ 61. Kc4
Ra4+ 62. Kb3 Ra3+ 63. Kb2 Ra8 64. Bxa8 Be5+ 65. Kb3 Kb6 66. Ka4 Bc7 67. Rc1
Bd8 68. Rc6+ Ka7 69. b6+ Kxa8 70. Rc8+ Kb7 71. Rxd8 Kxb6 72. Rd5 Kc6 73.
Re5 Kd6 74. Rb5 Kc6 75. Kb4 Kd6 76. Kc4 Kc6 77. Rd5 Kb6 78. Rc5 Kb7 79. Kb5
Ka7 80. Rc6 Kb7 81. Kc5 Kb8 82. Kb6 Ka8 83. Rc8# { Black checkmated } 1-0

[Event "ICC tourney 2523 (60 10)"]
[Site "Internet Chess Club"]
[Date "2021.04.18"]
[Round "5"]
[White "GALPERIN, BENJAMIN:BG1015"]
[Black "MISCHLER, HEIDI:SABHHMischler"]
[Result "0-1"]
[ICCResult "White checkmated"]
[WhiteElo "748"]
[BlackElo "831"]
[Opening "Queen's pawn game"]
[ECO "D00"]
[NIC "QP.08"]
[Time "13:18:24"]
[PlyCount "80"]
[TimeControl "3600+10"]

1. d4 d5 2. e3 e6 3. f4 c5 4. Nf3 Nc6 5. c3 Bd6 6. c4 b6 7. Bd3 Nf6 8. O-O
O-O 9. dxc5 bxc5 10. Nbd2 Bb7 11. e4 dxe4 12. Nxe4 Re8 13. Nxf6+ Qxf6 14.
Bd2 Bxf4 15. Bc3 Qe7 16. g3 Be3+ 17. Kg2 e5 18. Re1 Bh6 19. Bd2 Bxd2 20.
Qxd2 Nd4 21. Be2 e4 22. Nxd4 e3+ 23. Bf3 Bxf3+ 24. Kxf3 Qb7+ 25. Ke2 exd2+
26. Kxd2 Rxe1 27. Rxe1 cxd4 28. Kd3 h6 29. Kxd4 Rd8+ 30. Kc3 Qf3+ 31. Kb4
Rb8+ 32. Kc5 Qf2+ 33. Kd5 Qxe1 34. c5 Qd2+ 35. Kc4 Qe2+ 36. Kd5 Rd8+ 37.
Kc6 Qe6+ 38. Kb5 Qxa2 39. Kc6 Qa6+ 40. Kc7 Qc8# { White checkmated } 0-1

[Event "ICC tourney 2523 (60 10)"]
[Site "Internet Chess Club"]
[Date "2021.04.18"]
[Round "5"]
[White "WEST, JACK:JWest139"]
[Black "CHEW, ATTICUS:AtticusChew"]
[Result "0-1"]
[ICCResult "White checkmated"]
[WhiteElo "821"]
[BlackElo "642"]
[Opening "Scotch gambit"]
[ECO "C44"]
[NIC "SO.06"]
[Time "13:16:58"]
[PlyCount "82"]
[TimeControl "3600+10"]

1. e4 e5 2. Nf3 Nc6 3. d4 exd4 4. Bc4 Bc5 5. c3 dxc3 6. Bxf7+ Kxf7 7. Qd5+
Ke8 8. Qh5+ g6 9. Qxc5 Qf6 10. Nxc3 d6 11. Qe3 Be6 12. O-O Kd7 13. Rd1 Re8
14. e5 Nxe5 15. Nxe5+ Ke7 16. Nd5+ Bxd5 17. Ng4+ Qe6 18. Qg5+ Kd7 19. Bf4
Kc8 20. Ne3 Bc6 21. Nc2 h6 22. Qa5 Qe4 23. Ne3 Qxf4 24. Re1 Qf7 25. Qxa7
Nf6 26. a4 Nd5 27. Nc2 Qf5 28. Ne3 Nxe3 29. fxe3 Qg4 30. g3 Qf3 31. e4 Rxe4
32. Rf1 Qg4 33. a5 Qh3 34. Rf2 Rf4 35. Rc2 Rc4 36. Rf2 Rh7 37. a6 Rf7 38.
Rd2 Rf3 39. Qa8+ Kd7 40. axb7 Ra4 41. Rxa4 Rf1# { White checkmated } 0-1

[Event "ICC tourney 2523 (60 10)"]
[Site "Internet Chess Club"]
[Date "2021.04.18"]
[Round "5"]
[White "WHELCHEL, EVAN:Ewhelchel"]
[Black "VURAL, TAYGA:Tayga"]
[Result "0-1"]
[ICCResult "White checkmated"]
[WhiteElo "855"]
[BlackElo "811"]
[Opening "Scandinavian defense"]
[ECO "B01"]
[NIC "SD.03"]
[Time "13:16:39"]
[PlyCount "138"]
[TimeControl "3600+10"]

1. e4 d5 2. exd5 Nf6 3. Bc4 Nxd5 4. Bxd5 Qxd5 5. Qf3 Be6 6. Nc3 Qxf3 7.
Nxf3 Bf5 8. d3 e6 9. O-O Bd6 10. Nb5 Nc6 11. Bg5 f6 12. Bh4 a6 13. Nbd4
Nxd4 14. Nxd4 O-O-O 15. Nxf5 exf5 16. Rfe1 Be5 17. c3 Rxd3 18. Bg3 f4 19.
Bh4 g5 20. Bxg5 fxg5 21. Rxe5 Rhd8 22. Ree1 Rd2 23. Rab1 h5 24. g3 f3 25.
h3 h4 26. g4 Re2 27. Rbd1 Rxd1 28. Rxd1 Rxb2 29. Rd3 Rxa2 30. Rxf3 b6 31.
Rf5 Ra5 32. Rf8+ Kb7 33. Rg8 Rc5 34. Kg2 a5 35. Kf1 a4 36. Re8 a3 37. Re1
Ra5 38. Ra1 Kc6 39. Ke2 Kc5 40. Kd3 Ra4 41. f3 b5 42. Kc2 Kc4 43. Ra2 c5
44. Kd2 Kb3 45. Ra1 Kb2 46. Rf1 a2 47. Rf2 a1=Q 48. Kd3+ Kb3 49. f4 c4+ 50.
Kd4 Qxc3+ 51. Ke4 Qe1+ 52. Kf5 Qxf2 53. Kxg5 Qc5+ 54. f5 c3 55. Kg6 Ra6+
56. f6 c2 57. Kg7 Qc7+ 58. f7 Kc4 59. Kg8 Qb7 60. f8=Q Ra8 61. g5 Qd5+ 62.
Kg7 Rxf8 63. Kxf8 Qxg5 64. Kf7 Qe5 65. Kg6 Qf4 66. Kh5 Qf7+ 67. Kxh4 Kd3
68. Kg5 c1=Q+ 69. Kh4 Qcf4# { White checkmated } 0-1

[Event "ICC tourney 2523 (60 10)"]
[Site "Internet Chess Club"]
[Date "2021.04.18"]
[Round "5"]
[White "ESTRADA, ELIJAH:aw3some-elijah2"]
[Black "bhargava, saarth:bsaarth"]
[Result "1-0"]
[ICCResult "Black resigns"]
[WhiteElo "395"]
[BlackElo "247"]
[Opening "Ruy Lopez: Berlin defense, 4.O-O, d6"]
[ECO "C66"]
[NIC "RL.02"]
[Time "13:17:32"]
[PlyCount "97"]
[TimeControl "3600+10"]

1. e4 e5 2. Nf3 Nc6 3. Bb5 d6 4. O-O Nf6 5. Bxc6+ bxc6 6. Nc3 Be7 7. d4
exd4 8. Nxd4 Bd7 9. Nf3 O-O 10. h3 Re8 11. Re1 Rb8 12. b3 a5 13. Bf4 Nh5
14. Bh2 c5 15. e5 dxe5 16. Nxe5 Nf6 17. Nxd7 Qxd7 18. Qxd7 Nxd7 19. Bxc7
Ra8 20. Nd5 Nf6 21. Nxe7+ Kh8 22. Bd6 Ra7 23. Re2 Nd5 24. Ng6+ hxg6 25.
Rxe8+ Kh7 26. Bxc5 Rc7 27. Bd4 Rxc2 28. a4 Rd2 29. Ba7 Rb2 30. Re4 Rxb3 31.
Rh4+ Kg8 32. Re1 f6 33. Re8+ Kf7 34. Rd8 Nc3 35. Rd7+ Ke6 36. Rd8 f5 37.
Rh7 Rb7 38. Re8+ Kd5 39. Rd8+ Kc6 40. Bd4 Nxa4 41. Rhh8 Rb1+ 42. Kh2 g5 43.
Bxg7 Nb6 44. Rh6+ Kc5 45. Bd4+ Kb5 46. Rxb6+ Kc4 47. Rxb1 a4 48. Rc1+ Kb3
49. Rb8+ { Black resigns } 1-0

[Event "ICC tourney 2523 (60 10)"]
[Site "Internet Chess Club"]
[Date "2021.04.18"]
[Round "5"]
[White "MISCHLER, ELISE:SABHEMischler"]
[Black "BEAR, ASHWIN:ashwinb2012"]
[Result "0-1"]
[ICCResult "White checkmated"]
[WhiteElo "614"]
[BlackElo "912"]
[Opening "Scandinavian: Pytel-Wade variation"]
[ECO "B01"]
[NIC "SD.02"]
[Time "13:16:46"]
[PlyCount "152"]
[TimeControl "3600+10"]

1. e4 d5 2. exd5 Qxd5 3. Nc3 Qd6 4. Nf3 Nf6 5. Bc4 c6 6. O-O Bf5 7. d3 e6
8. Re1 Be7 9. a3 Nbd7 10. b4 b5 11. Bb3 O-O 12. d4 Rfd8 13. Bb2 Rab8 14.
Qd2 Rbc8 15. Rad1 Nb6 16. Ne2 Bg4 17. Qd3 Bxf3 18. Qxf3 Nc4 19. Bxc4 bxc4
20. c3 Qd5 21. Qe3 Ng4 22. Qf4 Qg5 23. Qf3 Qh4 24. h3 Nxf2 25. Rd2 Ne4 26.
Rc2 Qxe1+ 27. Kh2 Nd2 28. Qg4 Bd6+ 29. Nf4 Bxf4+ 30. Qxf4 Ne4 31. Bc1 g5
32. Qg4 f5 33. Qh5 Qg3+ 34. Kh1 Nf2+ 35. Kg1 Nd3 36. Bxg5 Rf8 37. Be7 Rf7
38. Bh4 Qe3+ 39. Kh1 Nf4 40. Qg5+ Rg7 41. Qf6 Rg6 42. Qe7 Qd3 43. Rf2 Rxg2
44. Rxg2+ Nxg2 45. Kxg2 Rf8 46. Qxe6+ Rf7 47. Qc8+ Kg7 48. Qxc6 Qe4+ 49.
Qxe4 fxe4 50. a4 Rf4 51. Bg3 Rf3 52. b5 Rxc3 53. d5 Rd3 54. d6 Rb3 55. d7
Rd3 56. a5 Rxd7 57. b6 axb6 58. axb6 Rb7 59. Be5+ Kf7 60. Bd4 Ke6 61. Be3
c3 62. Kf2 Kd5 63. Ke2 Kc4 64. Kd1 Kd3 65. Bd2 cxd2 66. h4 Kc3 67. h5 Rxb6
68. h6 Rb1+ 69. Ke2 d1=Q+ 70. Ke3 Qd3+ 71. Kf4 e3 72. Kg5 Qe4 73. Kf6 Qd5
74. Kg7 Qe6 75. Kxh7 Rb7+ 76. Kh8 Qe8# { White checkmated } 0-1